 Dungeon Crawl Stone Soup version 0.29.1-15-g9cfb28693d (webtiles) character file.

Game seed: 13329112949123502644

142 Heoruswealwe the Shooter (level 4, -2/37 HPs)
             Began as a Demigod Hunter on Apr 10, 2023.
             Slain by an orc wizard
             ... wielding a +0 dagger
              (4 damage)
             ... on level 3 of the Dungeon.
             The game lasted 00:12:20 (1179 turns).

Heoruswealwe the Shooter (Demigod Hunter)           Turns: 1179, Time: 00:12:21

Health: -2/37      AC:  5    Str: 12    XL:     4   Next: 75%
Magic:  6/6        EV: 13    Int: 11    God:
Gold:   104        SH:  0    Dex: 21    Spells: 3/3 levels left

rFire   . . .      SeeInvis .   a - +0 shortbow
rCold   . . .      Faith    .   (shield currently unavailable)
rNeg    . . .      Spirit   .   c - +0 leather armour
rPois   .          Reflect  .   (no helmet)
rElec   .          Harm     .   k - +0 cloak
rCorr   .          Rampage  .   (no gloves)
Will    .....                   o - +0 pair of boots
Stlth   +.........              (no amulet)
HPRegen 0.12/turn               (no ring)
MPRegen 0.10/turn               (no ring)

@: confused
A: high MP 1, forlorn, divine attributes
a: no special abilities


You were on level 3 of the Dungeon.
You visited 1 branch of the dungeon, and saw 3 of its levels.

You collected 104 gold pieces.

Inventory:

Hand Weapons
 a - a +0 shortbow (weapon)
Armour
 c - a +0 leather armour (worn)
 k - a +0 cloak (worn)
 o - a +0 pair of boots (worn)
Scrolls
 f - a scroll of identify {unknown}
 l - a scroll of blinking {unknown}
 n - a scroll of summoning {unknown}
Potions
 b - 2 potions of berserk rage {unknown}
 d - 2 potions of degeneration {unknown}
 e - a potion of might {unknown}
 g - 2 potions of curing {unknown}
 h - a potion of flight {unknown}
 i - a potion of invisibility {unknown}
 j - a potion of haste {unknown}
 m - a potion of resistance {unknown}


   Skills:
 + Level 2.7 Fighting
 + Level 4.2 Ranged Weapons
 + Level 2.9 Dodging
 + Level 2.4 Stealth


You had 3 spell levels left.
You didn't know any spells.
Your spell library contained the following spells:

 Spells                   Type           Power      Damage    Failure   Level
 Gell's Gravitas          Tloc           0%         N/A       80%         3
 Teleport Other           Tloc           0%         N/A       80%         3
 Passage of Golubria      Tloc           0%         N/A       99%         4
 Silence                  Hex/Air        0%         N/A       100%        5
 Dispersal                Tloc           0%         N/A       100%        6
 Lehudib's Crystal Spear  Conj/Erth      0%         10d2      100%        8


Dungeon Overview and Level Annotations

Branches:
Dungeon (3/15)

Shops:
D:1 :


Innate Abilities, Weirdness & Mutations

You have an increased reservoir of magic. (+10% MP)
You shall have no god before yourself.
Your divine heritage dramatically boosts your attributes as you level up.


Message History

Something barely misses you. Something hits you.
Fire: a) +0 shortbow
Press: ? - help, Q - select action Shift-Dir - straight line, f/p - orc
Aim: an orc, wielding a +0 falchion (heavily wounded, 65% to hit)
You shoot an arrow. The arrow closely misses the orc.
You hear some strange, mumbled words.
A magic dart appears from out of thin air!
The magic dart hits you!
* * * LOW HITPOINT WARNING * * *
Fire: a) +0 shortbow
Press: ? - help, Q - select action Shift-Dir - straight line, f/p - orc
Aim: an orc, wielding a +0 falchion (heavily wounded, 65% to hit)
You shoot an arrow. Something hits you.
* * * LOW HITPOINT WARNING * * *
Fire: a) +0 shortbow
Press: ? - help, Q - select action Shift-Dir - straight line, f/p - orc
Aim: an orc, wielding a +0 falchion (moderately wounded, 65% to hit)
You shoot an arrow. The arrow hits the orc!
You kill the orc!
Something hits you but does no damage. Something barely misses you.
Fire: a) +0 shortbow
Press: ? - help, Q - select action Shift-Dir - straight line, f - quokka
Aim: a quokka (56% to hit)
You shoot an arrow. The arrow barely misses the quokka.
You hear some strange, mumbled words.
You are confused.
Non-targeted confused fire: a) +0 shortbow
Press: ? - help, Q - select action Dir - look around, f - activate You shoot an arrow.
You hear some strange, mumbled words.
You are more confused.
You bump into the rock wall.
Something hits you.
* * * LOW HITPOINT WARNING * * *
You miss something. Something hits you.
* * * LOW HITPOINT WARNING * * *
Something hits you.
* * * LOW HITPOINT WARNING * * *
You bump into the rock wall.
Something hits you.
You die...

#..≈.#._. ≈?. ##.§.# .≈.#
#..≈$#####...###..
##..≈.......≈.....##
#...≈≈≈≈≈≈§≈≈.......
#......)...........#
#....r..###........#
############{#.###........#
#.....#
###@#...#........###
#.....#
#...###.............
#.....# #.###
###.#####.###. #...<.# #.#
#.# ###.###. #.....# #.#
#.###....... #.....## #.#
#...#.#.#### ####...# #.#
#....># ###.###.# ####)#.#
#.....########....#.#


You could see a quokka.

Vanquished Creatures
  A gnoll (D:1)
  7 adders
  2 dart slugs (D:1)
  4 orcs (D:3)
  6 endoplasms
  2 giant cockroaches
  A goblin (D:2)
  5 hobgoblins
  11 kobolds
  5 quokkas
  4 ball pythons
  7 bats
  7 rats
62 creatures vanquished.

Vanquished Creatures (others)
  4 fungi (D:2)
  3 plants (D:2)
7 creatures vanquished.

Grand Total: 69 creatures vanquished

Notes
Turn   | Place    | Note
-------+----------+-------------------------------------------
     0 | D:1      | Heoruswealwe the Demigod Hunter began the quest for the
                  | Orb.
     0 | D:1      | Reached XP level 1. HP: 17/17 MP: 3/3
    18 | D:1      | Reached skill level 1 in Stealth
    56 | D:1      | Found Vadu Ynn's Book Boutique.
   123 | D:1      | Reached XP level 2. HP: 23/24 MP: 4/4
   302 | D:1      | Reached XP level 3. HP: 19/29 MP: 5/5
   529 | D:2      | Reached skill level 4 in Ranged Weapons
   659 | D:2      | Reached XP level 4. HP: 22/37 MP: 6/6
  1179 | D:3      | Slain by an orc wizard

Illustrated notes

Levels and vault maps discovered:
D:1:      lemuel_arrival_hallway, layout_rooms, serial_shops, shop
D:2:      layout_rooms, shapermc_ecumenical_altar_acropolis
D:3:      layout_basic, mainiacjoe_overflow_brackets

Skill      XL: |  1  2  3 |
---------------+----------+-----
Stealth        | 1 2 |  2.4
Fighting       | 2 |  2.7
Dodging        | 2 |  2.9
Ranged Weapons | 4 |  4.2

Action                   |  1- 3 |  4- 6 || total
-------------------------+-------+-------++-------
Melee: Unarmed           |       |    31 ||    31
       Shortbow          |       |     1 ||     1
       Punch             |       |     1 ||     1
 Fire: Shortbow          |   109 |    71 ||   180
  Use: Scroll            |     1 |       ||     1
Armor: Leather armour    |     9 |    15 ||    24
Dodge: Dodged            |    34 |    31 ||    65
